Map: Taito Citadel LE

Players

Fury - Winner!

  • Race: Protoss Protoss
  • Spawn Location: 5:00

VOD

Have the link to the VOD?

Description

Time

  • Played on: Jan. 31, 2026, 9:29 a.m.
  • Length: 19:39
Show
View Real Time Build Order
Export as new Build Order

Fury Protoss - Winner!

Build Orders:  

Get SALT Encoding   

  12  0:05  Probe (Chrono Boost)  
  13  0:22  Probe (Chrono Boost)  
  14  0:39  Probe (Chrono Boost)  
  15  0:51  Assimilator  
  15  0:56  Assimilator  
  15  1:07  Pylon  
  15  1:34  Probe (Chrono Boost)  
  17  1:51  Probe (Chrono Boost)  
  17  1:54  Gateway  
  17  2:08  Probe (Chrono Boost)  
  18  2:29  Probe (Chrono Boost)  
  19  2:38  Pylon  
  19  2:45  Probe (Chrono Boost)  
  20  3:02  Probe (Chrono Boost)  
  21  3:14  Cybernetics Core  
  21  3:19  Probe (Chrono Boost)  
  22  3:26  Pylon  
  22  3:36  Probe (Chrono Boost)  
  23  3:53  Probe (Chrono Boost)  
  23  3:56  Nexus  
  25  4:10  Probe (Chrono Boost)  
  25  4:19  Stargate  
  25  4:20  Stargate  
  25  4:27  Probe (Chrono Boost)  
  26  4:42  Assimilator  
  26  4:47  Assimilator, Protoss Air Weapons Level 1  
  26  5:19  Void Ray  
  26  5:21  Void Ray  
  34  5:47  Probe (Chrono Boost)  
  36  6:00  Probe (Chrono Boost)  
  36  6:04  Probe (Chrono Boost)  
  37  6:17  Probe (Chrono Boost)  
  38  6:22  Void Ray  
  38  6:23  Void Ray  
  46  6:34  Probe (Chrono Boost)  
  48  6:51  Probe (Chrono Boost)  
  48  7:08  Probe (Chrono Boost)  
  49  7:10  Pylon  
  49  7:12  Pylon x2  
  49  7:33  Stargate  
  49  7:34  Stargate  
  49  7:42  Probe (Chrono Boost)  
  49  7:43  Stargate  
  51  7:51  Probe (Chrono Boost)  
  51  7:59  Probe (Chrono Boost)  
  52  8:08  Probe (Chrono Boost)  
  53  8:10  Void Ray  
  53  8:16  Probe (Chrono Boost)  
  58  8:25  Probe (Chrono Boost)  
  59  8:33  Probe (Chrono Boost)  
  61  8:41  Probe (Chrono Boost)  
  62  8:50  Probe (Chrono Boost)  
  62  9:47  Nexus  
  62  10:26  Void Ray x4  
  78  11:15  Pylon  
  78  11:16  Pylon  
  78  11:19  Pylon  
  78  11:21  Pylon  
  78  11:27  Void Ray  
  82  12:24  Protoss Air Armor Level 1  
  82  12:58  Probe (Chrono Boost)  
  83  13:14  Probe (Chrono Boost)  
  85  13:31  Probe (Chrono Boost)  
  85  13:34  Assimilator  
  85  13:39  Assimilator  
  85  13:44  Void Ray x4  
  85  13:45  Void Ray  
  85  13:48  Probe (Chrono Boost)  
  106  15:18  Void Ray x4  
  122  15:35  Pylon  
  122  15:36  Pylon  
  122  15:38  Pylon  
  122  15:40  Pylon  
  122  15:42  Pylon  
  122  15:44  Pylon  
  122  15:46  Pylon  
  122  15:48  Pylon  
  122  15:50  Pylon  
  122  16:00  Void Ray  
  126  16:17  Warp Gate  
  126  16:25  Probe (Chrono Boost)  
  127  16:42  Probe (Chrono Boost)  
  128  16:59  Probe (Chrono Boost)  
Tags
 
Add a new tag
Caveats
  • Supply blocks, unpowered buildings, or Contaminate may cause inaccurate times.
  • Supply counts are checked every 10 seconds.